 Dungeon Crawl Stone Soup version 0.27-a0-1217-g8a41f320e8 (webtiles) character file.

Game seed: 10944627918353012338

4498 drugrobin the Placeless Demigod (level 9, -2/81 HPs)
             Began as a Demigod Warper on June 6, 2021.
             Slain by a hornet (7 damage)
             ... while paralysed by a hornet
             ... on level 9 of the Dungeon.
             The game lasted 00:36:39 (11026 turns).

drugrobin the Placeless Demigod (Demigod Warper)   Turns: 11026, Time: 00:36:40

Health: -2/81      AC:  6    Str: 20    XL:     9   Next: 95%
Magic:  2/20       EV:  2    Int: 21    God:
Gold:   259        SH:  0    Dex: 17    Spells: 3/18 levels left

rFire    . . .     SeeInvis .   d - +4 quarterstaff (chaos)
rCold    + . .     Faith    .   (shield currently unavailable)
rNeg     . . .     Spirit   .   J - +1 robe {rC+}
rPois    +         Reflect  .   i - +0 helmet
rElec    .         Harm     .   f - +0 cloak
rCorr    .         Rampage  .   K - +0 pair of gloves
Will     .....                  (no boots)
Stlth    ++........             (no amulet)
HPRegen  0.23/turn              w - +6 ring of intelligence
MPRegen  0.17/turn              F - ring of poison resistance

@: paralysed, lethally poisoned (-2 -> -11), slowed, studying Translocations
A: high mp 1, forlorn
a: no special abilities


You were on level 9 of the Dungeon.
You visited 1 branch of the dungeon, and saw 9 of its levels.

You collected 330 gold pieces.
You spent 71 gold pieces at shops.

Inventory:

Hand Weapons
 a - a +3 hand axe
 b - a +0 hunting sling
 d - a +4 quarterstaff of chaos (weapon)
 M - a +0 spear
 Q - a +0 trident
Missiles
 e - 5 boomerangs of dispersal
 g - 84 bolts
 j - 7 poisoned darts (quivered)
 q - 53 sling bullets
 r - 8 curare-tipped darts
 y - a throwing net
 I - 8 boomerangs
Armour
 f - a +0 cloak (worn)
 i - a +0 helmet (worn)
 m - a +2 chain mail of cold resistance
 J - a +1 robe of cold resistance (worn)
 K - a +0 pair of gloves (worn)
Magical Staves
 O - a staff of death
Jewellery
 w - a +6 ring of intelligence (left hand)
 F - a ring of poison resistance (right hand)
 H - the ring "Saquin" {rElec rF+ Dex+2}
   (You found it on level 5 of the Dungeon)

   [ring of protection from fire]

   It affects your dexterity (+2).
   It protects you from fire.
   It insulates you from electricity.
Wands
 L - a wand of flame (30)
Scrolls
 c - 2 scrolls of magic mapping {unknown}
 k - 3 scrolls of amnesia {unknown}
 l - 2 scrolls of teleportation
 p - a scroll of vulnerability {unknown}
 x - 4 scrolls of identify
 G - a scroll of enchant armour {unknown}
 N - a scroll of fear {unknown}
 P - a scroll of silence {unknown}
 R - a scroll of enchant weapon {unknown}
 S - 2 scrolls of blinking
Potions
 h - a potion of mutation {unknown}
 n - a potion of degeneration {unknown}
 o - a potion of brilliance {unknown}
 s - a potion of haste {unknown}
 t - 2 potions of lignification
 v - a potion of ambrosia {unknown}
 z - 2 potions of resistance {unknown}
 A - a potion of cancellation {unknown}
 B - a potion of invisibility {unknown}
 C - 2 potions of curing
 D - a potion of flight {unknown}
 E - a potion of berserk rage {unknown}
Miscellaneous
 u - a phial of floods (inert)


   Skills:
 + Level 8.0 Fighting
 - Level 1.7 Polearms
 - Level 0.8 Throwing
 - Level 0.8 Armour
 + Level 4.7 Dodging
 + Level 5.4 Spellcasting
 - Level 5.0 Summonings
 + Level 9.9 Translocations


You had 3 spell levels left.
You knew the following spells:

 Your Spells              Type           Power      Damage    Failure   Level
a - Call Imp              Summ           26%        N/A       1%          2
b - Blink                 Tloc           N/A        N/A       1%          2
c - Call Canine Familiar  Summ           26%        N/A       4%          3
d - Manifold Assault      Tloc           47%        N/A       4%          5
e - Teleport Other        Tloc           47%        N/A       1%          3

Your spell library contained the following spells:

 Spells                   Type           Power      Damage    Failure   Level
 Summon Small Mammal      Summ           100%       N/A       1%          1
 Gell's Gravitas          Tloc           23%        N/A       1%          3
 Lesser Beckoning         Tloc           23%        N/A       1%          3
 Sandblast                Erth           10%        2d5       11%         1
 Summon Guardian Golem    Hex/Summ       16%        N/A       11%         3
 Passwall                 Tmut/Erth      4%         N/A       16%         2
 Stone Arrow              Conj/Erth      10%        3d7       30%         3
 Summon Ice Beast         Ice/Summ       16%        N/A       36%         4
 Summon Lightning Spire   Summ/Air       16%        N/A       36%         4
 Petrify                  Tmut/Erth      5%         N/A       71%         4
 Lee's Rapid Deconstruct  Erth           2%         3d6*      96%         5


Dungeon Overview and Level Annotations

Branches:
Dungeon (9/15)             Temple (0/1) D:7
   Lair: D:8-11         Orc: D:9-12

Shops:
D:2 ?   D:3 ?   D:4 *

Annotations:
D:8 Erica


Innate Abilities, Weirdness & Mutations

Your attributes grow dramatically as you level up.
You have an increased reservoir of magic. (+10% MP)
You shall have no god before yourself.


Message History

You completely miss the hornet.
The hornet is severely wounded.
You feel sick. The hornet closely misses you. x2
Unknown command.
Unknown command.
Unknown command.
You closely miss the hornet.
The hornet is severely wounded.
You feel sick.
The hornet looks more healthy.
The hornet stings you but does no damage.
Unknown command.
Unknown command.
Unknown command.
You closely miss the hornet.
The hornet is almost dead.
You feel sick. The hornet stings you!
* * * LOW HITPOINT WARNING * * *
You feel yourself slow down. The hornet closely misses you.
Your magical contamination has completely faded away.
Unknown command.
Unknown command.
Unknown command.
You hit the hornet. You freeze the hornet.
The hornet is almost dead.
You feel sick. The hornet closely misses you. The hornet stings you.
* * * LOW HITPOINT WARNING * * *
The hornet stings you.
* * * LOW HITPOINT WARNING * * *
You are more poisoned.
Unknown command.
Okay, then.
Unknown command.
You barely miss the hornet.
The hornet is almost dead.
* * * LOW HITPOINT WARNING * * *
You feel very sick. The hornet stings you!
* * * LOW HITPOINT WARNING * * *
You suddenly lose the ability to move!
The hornet stings you!
You die...

# #. #.#####
#.....#
#(.(y@#
#....<#
#..........≈;
#........≈≈≈≈
#......!...≈≈
#........≈≈≈.
#...........≈
#######...≈.≈
.....≈


You could see a hornet.

Vanquished Creatures
  Pikel (D:4)
  A wyvern (D:4)
  A steam dragon (D:7)
  Duvessa (D:5)
  A hornet zombie (D:8)
  2 orc warriors
  A sky beast (D:7)
  An ogre (D:4)
  2 necrophages (D:4)
  3 centaurs
  A nameless horror (D:5)
  A kobold brigand (D:6)
  A bullfrog (D:8)
  4 scorpions
  A water moccasin skeleton (D:4)
  A wyvern skeleton (D:7)
  Dowan (D:5)
  8 killer bees (D:8)
  3 wights (D:8)
  2 howler monkeys
  4 jellies
  3 centaur skeletons
  4 orc priests
  3 hounds
  Crazy Yiuf (D:2)
  7 orc wizards
  A scorpion zombie (D:5)
  2 killer bee zombies
  A hound skeleton (D:4)
  A howler monkey zombie (D:7)
  3 gnolls (D:4)
  6 adders
  3 shadow imps
  An ufetubus (D:7)
  A worm (D:3)
  3 dart slugs
  20 orcs
  6 ball pythons
  8 endoplasms
  2 giant cockroaches
  5 goblins
  5 hobgoblins
  2 jackals (D:4)
  8 kobolds
  2 quokkas
  8 bats
  7 frilled lizards
  7 rats
161 creatures vanquished.

Vanquished Creatures (collateral kills)
  A two-headed ogre (D:8)
  A steam dragon (D:6)
  An ogre (D:6)
  A centaur (D:7)
  A water moccasin zombie (D:5)
  A wight (D:8)
  2 howler monkeys (D:8)
  A jelly (D:7)
  An orc priest (D:7)
  An adder (D:2)
  A howler monkey skeleton (D:6)
  2 orcs
  A bat (D:3)
  A giant cockroach (D:3)
  2 hobgoblins (D:3)
  2 ball pythons
  A frilled lizard (D:3)
  A kobold (D:3)
22 creatures vanquished.

Vanquished Creatures (others)
  A howler monkey skeleton (D:7)
  A fungus (D:2)
  7 withered plants (D:5)
9 creatures vanquished.

Grand Total: 192 creatures vanquished

Notes
Turn   | Place    | Note
-------+----------+-------------------------------------------
     0 | D:1      | drugrobin the Demigod Warper began the quest for the Orb.
     0 | D:1      | Reached XP level 1. HP: 17/17 MP: 5/5
   489 | D:1      | Reached XP level 2. HP: 23/25 MP: 7/7
   915 | D:2      | You fall into a shaft and drop 1 floor!
  1327 | D:2      | Learned a level 2 spell: Blink
  1343 | D:2      | Learned a level 2 spell: Call Imp
  1367 | D:2      | Reached XP level 3. HP: 29/30 MP: 9/9
  2094 | D:2      | Found Eghant's Magic Scroll Shop.
  2107 | D:2      | Bought a scroll of noise for 13 gold pieces
  2247 | D:2      | Found a runed translucent door.
  2248 | D:2      | Noticed Crazy Yiuf
  2639 | D:2      | Killed Crazy Yiuf
  2640 | D:2      | Reached skill level 1 in Summonings
  2747 | D:3      | Reached XP level 4. HP: 38/38 MP: 10/10
  3214 | D:3      | Found Gecoy's Magic Scroll Emporium.
  3535 | D:4      | Noticed a wyvern
  3600 | D:4      | Reached XP level 5. HP: 43/45 MP: 12/12
  3633 | D:4      | Learned a level 3 spell: Call Canine Familiar
  3641 | D:4      | Noticed a necrophage
  3652 | D:4      | Killed a necrophage
  4495 | D:4      | Reached XP level 6. HP: 47/52 MP: 11/14
  4567 | D:4      | Found Useukh's Assorted Antiques.
  4571 | D:4      | Bought an emerald potion for 19 gold pieces
  4571 | D:4      | Bought 2 smoky yellow potions for 39 gold pieces
  4684 | D:4      | Reached skill level 3 in Translocations
  4897 | D:4      | Killed a wyvern
  5243 | D:5      | Entered Level 5 of the Dungeon
  5243 | D:5      | Noticed Pikel
  5256 | D:4      | Killed Pikel
  5257 | D:4      | Reached skill level 5 in Fighting
  5257 | D:4      | Reached skill level 4 in Translocations
  5257 | D:4      | Reached XP level 7. HP: 36/61 MP: 13/17
  5394 | D:5      | Noticed Duvessa
  5395 | D:5      | Reached skill level 5 in Translocations
  5499 | D:5      | Noticed a nameless horror
  5545 | D:5      | Noticed Dowan
  5553 | D:5      | Killed Dowan
  5554 | D:5      | Reached XP level 8. HP: 15/68 MP: 15/18
  5579 | D:5      | Killed Duvessa
  5870 | D:4      | Reached skill level 6 in Translocations
  5924 | D:4      | Learned a level 5 spell: Manifold Assault
  6122 | D:5      | Identified the ring "Saquin" {rElec rF+ Dex+2}
  6216 | D:5      | Reached skill level 5 in Summonings
  6682 | D:5      | Reached skill level 7 in Translocations
  8010 | D:6      | Reached skill level 8 in Translocations
  8030 | D:6      | Reached XP level 9. HP: 55/78 MP: 17/19
  9248 | D:7      | Learned a level 3 spell: Teleport Other
  9406 | D:7      | Found a staircase to the Ecumenical Temple.
  9462 | D:7      | Reached skill level 9 in Translocations
 10133 | D:8      | Reached skill level 5 in Spellcasting
 10567 | D:8      | Noticed a two-headed ogre
 10594 | D:8      | Killed a two-headed ogre
 10816 | D:8      | Noticed Erica
 11026 | D:9      | Paralysed by a hornet for 3 turns
 11026 | D:9      | Slain by a hornet

Illustrated notes

Levels and vault maps discovered:
D:1:      lemuel_arrival_broad_hall, layout_rooms, kennysheep_pointless_box,
          minivault_23, minivault_14
D:2:      layout_basic, ebering_ecumenical_altar_sacrificial, serial_shops,
          shop, uniq_crazy_yiuf_cottage
D:3:      minmay_octagon_keep, layout_rooms, serial_shops,
          nicolae_shop_window_shopping
D:4:      layout_loops_ring, serial_shops, nicolae_shop_stone,
          minmay_misc_feat_columns, minmay_manual_mail
D:5:      layout_rooms, kennysheep_mini_moat, kiku_gazebo_garden_becter,
          lemuel_crystal_altar, nicolae_dithmenos_through_a_glass_darkly,
          minmay_misc_feat_more_columns, uniq_pikel, uniq_duvessa
D:6:      layout_loops_ring, minitemple, minmay_misc_feat_ornament
D:7:      layout_rooms, minmay_temple_entry_statues_fountains
D:8:      layout_cave_pods, lemuel_coloured_pillars_altar,
          grunt_temple_overflow_open, serial_glass, glass_columns_a,
          glass_columns_c, uniq_erica
D:9:      layout_rooms, erik_lair_island, zombieorc2_lemuel,
          kennysheep_generic_room_12, uniq_maurice

Skill      XL: |  1  2  3  4  5  6  7  8  9 |
---------------+----------------------------+-----
Fighting       | 2 3 4 5 6 8 |  8.0
Spellcasting   | 2 3 4 5 |  5.4
Summonings     | 1 2 4 5 |  5.0
Translocations | 4 5 8 9 |  9.9
Dodging        | 2 4 |  4.7
Polearms       | |  1.7
Throwing       | |  0.8
Armour         | |  0.8

Action                   |  1- 3 |  4- 6 |  7- 9 || total
-------------------------+-------+-------+-------++-------
Melee: Spear             |   128 |    65 |    52 ||   245
       Quarterstaff      |     2 |    47 |   237 ||   286
       Trident           |       |       |     8 ||     8
       Hand axe          |       |       |    14 ||    14
 Fire: Hunting sling     |     2 |    27 |    27 ||    56
Throw: Dart              |    15 |     4 |    40 ||    59
 Cast: Blink             |     4 |     3 |    21 ||    28
       Call Imp          |     2 |     6 |     8 ||    16
       Call Canine Famil |       |     6 |    17 ||    23
       Teleport Other    |       |       |     8 ||     8
       Manifold Assault  |       |       |     6 ||     6
Evoke: Phial of floods   |       |     1 |     2 ||     3
       Wand              |       |       |     7 ||     7
  Use: Scroll            |     1 |     1 |     1 ||     3
       Potion            |       |       |     2 ||     2
 Stab: Sleeping          |     3 |       |       ||     3
       Distracted        |       |       |     5 ||     5
       Paralysed         |       |       |     4 ||     4
Armor: Leather armour    |    36 |    28 |    13 ||    77
       Robe              |       |       |    92 ||    92
Dodge: Dodged            |    55 |    69 |   244 ||   368

Table legend: (Time is in decaauts)
 A = Elapsed time spent in this place.
 B = Non-inter-level travel time spent in this place.
 C = Inter-level travel time spent in this place.
 D = Time resting spent in this place.
 E = Time spent auto-exploring this place.
 F = Levels seen in this place.
 G = Mean time per level.
                   A        B        C        D        E       F      G
               +--------+--------+--------+--------+--------+-----+--------+
         Total |  11092 |  10621 |    471 |   2984 |   5396 |   9 | 1232.4 |
       Dungeon |  11092 |  10621 |    471 |   2984 |   5396 |   9 | 1232.4 |
               +--------+--------+--------+--------+--------+-----+--------+

Top non-repeatable levels by time:
     D:4: 1988 daAuts
     D:5: 1659 daAuts
     D:2: 1512 daAuts
     D:6: 1318 daAuts
     D:1: 1226 daAuts
     D:8: 1183 daAuts
     D:3: 1105 daAuts
     D:7: 1082 daAuts
     D:9: 14 daAuts
